 Dungeon Crawl Stone Soup version 0.19.6-3-g7d5932f76a (webtiles) character file.

13 EnegeticOcto the Conjurer (level 2, 0/17 HPs)
             Began as a High Elf Conjurer on Feb 8, 2021.
             Slain by a jackal (1 damage)
             ... on level 2 of the Dungeon.
             The game lasted 00:01:36 (260 turns).

EnegeticOcto the Conjurer (High Elf Conjurer)        Turns: 260, Time: 00:01:36

Health: 0/17       AC:  2    Str:  7    XL:     2   Next: 24%
Magic:  0/6        EV: 13    Int: 18    God:
Gold:   27         SH:  0    Dex: 15    Spells: 2 memorised, 2 levels left

rFire  . . .     SeeInvis .     j - +0 short sword
rCold  . . .     Gourm    .     a - +0 robe
rNeg   . . .     Faith    .     (no shield)
rPois  .         Spirit   .     (no helmet)
rElec  .         Reflect  .     (no cloak)
rCorr  .         Harm     .     (no gloves)
MR     .....                    (no boots)
Stlth  ++........               (no amulet)
                                (no ring)
                                (no ring)

@: no status effects
A: no striking features
a: no special abilities


You were on level 2 of the Dungeon.
You were not hungry.

You visited 1 branch of the dungeon, and saw 3 of its levels.

You collected 27 gold pieces.

Inventory:

Hand Weapons
 j - a +0 short sword (weapon)
   (You took it off a kobold on level 3 of the Dungeon)
Armour
 a - a +0 robe (worn)
Scrolls
 d - a scroll of remove curse {unknown}
 f - 2 scrolls of amnesia {unknown}
 h - 3 scrolls of identify {unknown}
Potions
 e - a potion of brilliance {unknown}
 i - a potion of curing {unknown}
Books
 b - a book of Conjurations

   Spells                             Type                      Level
   a - Magic Dart                     Conjuration                  1
   b - Searing Ray                    Conjuration                  2
   c - Dazzling Spray                 Conjuration/Hexes            3
   d - Fulminant Prism                Conjuration/Hexes            4
   e - Iskenderun's Mystic Blast      Conjuration                  4
   f - Iskenderun's Battlesphere      Conjuration/Charms           5
Comestibles
 c - a bread ration
 g - 3 fruits


   Skills:
 - Level 2.1 Dodging
 - Level 2.1 Stealth
 - Level 2.4 Spellcasting
 + Level 5.0 Conjurations


You had 2 spell levels left.
You knew the following spells:

 Your Spells              Type           Power        Failure   Level  Hunger
a - Magic Dart            Conj           ###.         1%          1    #......
b - Searing Ray           Conj           ###...       3%          2    ##.....


Dungeon Overview and Level Annotations

Branches:
Dungeon (3/15)

Altars:


Message History

Found a stone staircase leading up.
There is a stone staircase leading up here.
You climb upwards.
Found 15 gold pieces.
There is a stone staircase leading down here.
You now have 27 gold pieces (gained 15).
A rat comes into view.
Casting: Magic Dart
Confirm with . or Enter, or press ? or * to list all spells.
Aiming: Magic Dart
Press: ? - help, Shift-Dir - straight line, f - rat
Aim: a rat (resting)
The magic dart hits the rat.
You kill the rat! 4 jackals come into view.
The jackal barks! x2
The jackal barks!
The jackal barely misses you.
The jackal barks!
You hit the jackal.
The jackal is moderately wounded.
The jackal closely misses you. The jackal bites you.
You miss the jackal.
The jackal is moderately wounded.
The jackal closely misses you.
Casting: Magic Dart
Confirm with . or Enter, or press ? or * to list all spells.
Aiming: Searing Ray
Press: ? - help, Shift-Dir - straight line, f - jackal
Aim: a jackal
Okay, then.
You barely miss the jackal. The jackal closely misses you.
The jackal bites you but does no damage.
The jackal barely misses you. The jackal closely misses you.
You hit the jackal but do no damage.
The jackal bites you but does no damage.
The jackal closely misses you.
The jackal bites you but does no damage.
The jackal completely misses you.
You hit the jackal.
The jackal is lightly wounded.
The jackal closely misses you. The jackal misses you. x2
Casting: Searing Ray
Confirm with . or Enter, or press ? or * to list all spells.
Aiming: Searing Ray
Press: ? - help, Shift-Dir - straight line, f - jackal
Aim: a jackal (moderately wounded)
The searing ray hits the jackal.
You kill the jackal!
Your Conjurations skill increases to level 5! (Press . to maintain the ray.)
The jackal bites you.
* * * LOW HITPOINT WARNING * * *
The searing ray hits the jackal.
You kill the jackal!
The jackal closely misses you.
The jackal bites you but does no damage.
You hit the jackal but do no damage.
The jackal is lightly wounded.
The jackal misses you. x2; The jackal closely misses you.
You hit the jackal.
The jackal is moderately wounded.
The jackal closely misses you. x3
You hit the jackal.
The jackal is heavily wounded.
The jackal closely misses you. The jackal barely misses you.
The jackal completely misses you. x2
You barely miss the jackal.
The jackal is heavily wounded.
The jackal completely misses you. The jackal closely misses you.
You hit the jackal.
The jackal is almost dead.
The jackal bites you.
* * * LOW HITPOINT WARNING * * *
The jackal bites you.
* * * LOW HITPOINT WARNING * * *
The jackal barely misses you. The jackal misses you.
You hit the jackal but do no damage.
The jackal is almost dead.
The jackal misses you. The jackal barely misses you.
You hit the jackal.
You kill the jackal!
The jackal bites you.
* * * LOW HITPOINT WARNING * * *
The jackal closely misses you.
Casting: Searing Ray
Confirm with . or Enter, or press ? or * to list all spells.
Aiming: Magic Dart
Press: ? - help, Shift-Dir - straight line, f - jackal
Aim: a jackal The magic dart hits the jackal.
The jackal is lightly wounded.
The jackal closely misses you.
You hit the jackal.
The jackal is heavily wounded.
The jackal closely misses you. x2
You closely miss the jackal.
The jackal is heavily wounded.
The jackal bites you.
You die...

#..# #### #..#
#... #..# #.##
# #..# ####.#
#. #..# #....#
#.. #..#
#.####
#...#..# #.#
#.#.....@# #.#
####.#....#h#
#.#
#.......#.#.#
#.#
#.......#.#.#
#.#
#.....h.#.#.#
#.#
#.......#...#
#.#
#.......##..##
#.#
#............#
#####.#
####+#####...#
#<.†..#


You could see a jackal.

Vanquished Creatures
  A dart slug (D:2)
  A bat (D:1)
  3 jackals (D:2)
  A kobold (D:3)
  5 rats
11 creatures vanquished.

Notes
Turn   | Place    | Note
-------+----------+-------------------------------------------
     0 | D:1      | EnegeticOcto the High Elf Conjurer began the quest for the Orb.
     0 | D:1      | Reached XP level 1. HP: 11/11 MP: 4/4
   192 | D:3      | Reached XP level 2. HP: 5/17 MP: 1/6
   200 | D:3      | Learned a level 2 spell: Searing Ray
   249 | D:2      | Reached skill level 5 in Conjurations
   260 | D:2      | Slain by a jackal

Skill      XL: |  1  2 |
---------------+-------+-----
Conjurations   | 5 |  5.0
Dodging        | |  2.1
Stealth        | |  2.1
Spellcasting   | |  2.4

Action                   || total
-------------------------++-------
Melee: Unarmed           ||     4
       Short sword       ||    14
 Cast: Magic Dart        ||    17
       Searing Ray       ||     1
Armor: Robe              ||     4
Dodge: Dodged            ||    34
